 Dungeon Crawl Stone Soup version 0.31.0-32-g396128a36d (webtiles) character file.

Game seed: 16837630442990773832

16 spaghetti the Caller (level 2, 0/22 HPs)
             Began as a Naga Summoner on Mar 9, 2024.
             Slain by a giant cockroach (2 damage)
             ... on level 2 of the Dungeon.
             The game lasted 00:00:47 (499 turns).

spaghetti the Caller (Naga Summoner)                 Turns: 499, Time: 00:00:48

Health: 0/22       AC:  1    Str: 10    XL:     2   Next: 58%
Magic:  3/5        EV:  9    Int: 15    God:
Gold:   0          SH:  0    Dex: 11    Spells: 5/6 levels left

rFire   . . .        (no weapon)
rCold   . . .        (no shield)
rNeg    . . .        a - +0 robe
rPois   +            (no helmet)
rElec   .            (no cloak)
rCorr   .            (no gloves)
SInv    +            (no barding)
Will    .....        (no amulet)
Stlth   ++           (no ring)
HPRegen 0.23/turn    (no ring)
MPRegen 0.09/turn

%: no passive effects
@: very slow
A: AC +0, large, see invisible, deformed body, poison resistance, slowness 2,
spit poison 1, naga tail 1
a: Spit Poison


You were on level 2 of the Dungeon.
You visited 1 branch of the dungeon, and saw 2 of its levels.

Inventory:

Armour
 a - a +0 robe (worn)
Scrolls
 c - 2 scrolls of vulnerability {unknown}
 d - a scroll of amnesia {unknown}
 e - a scroll of fog {unknown}
Potions
 b - a potion of magic


   Skills:
 - Level 1.5 Dodging
 - Level 3.0 Stealth
 + Level 2.5 Spellcasting
 + Level 4.3 Summonings


You had 5 spell levels left.
You knew the following spells:

 Your Spells              Type           Power      Damage    Failure   Level
a - Summon Small Mammal   Summ           56%        N/A       3%          1

Your spell library contained the following spells:

 Spells                   Type           Power      Damage    Failure   Level
 Call Imp                 Summ           28%        N/A       5%          2
 Call Canine Familiar     Summ           14%        N/A       11%         3
 Summon Blazeheart Golem  Fire/Summ      8%         N/A       65%         4
 Summon Lightning Spire   Summ/Air       8%         N/A       65%         4


Dungeon Overview and Level Annotations

Branches:
Dungeon (1/15)

Altars:


Innate Abilities, Weirdness & Mutations

Your serpentine skin is tough. (AC +0)
You have supernaturally acute eyesight. (SInv)
Armour fits poorly on your strangely shaped body.
Your system is resistant to poisons. (rPois)
You cover ground very slowly.
You can spit poison.
You have a snake-like lower body.


Message History

The ball python barely misses you.
A giant cockroach comes into view.
Your rat closely misses the rat.
You barely miss the ball python.
The ball python is moderately wounded.
The ball python bites you but does no damage.
Your rat bites the rat.
You hit the ball python.
The ball python is severely wounded.
The ball python closely misses you.
Your rat closely misses the rat.
Casting: Summon Small Mammal (safe; 3% risk of failure)
Confirm with . or Enter, or press ? or * to list all spells.
You have got your breath back.
The ball python closely misses you.
Your rat barely misses the rat.
You hit the ball python.
You kill the ball python!
The rat twitches its whiskers.
Your rat bites the rat.
You hit the rat.
You kill the rat!
The giant cockroach bites you.
* * * LOW HITPOINT WARNING * * *
Your rat bites the giant cockroach.
You barely miss the giant cockroach.
The giant cockroach is heavily wounded.
The giant cockroach barely misses you.
Your rat bites the giant cockroach but does no damage.
You closely miss the giant cockroach.
The giant cockroach is heavily wounded.
The giant cockroach barely misses you.
Your rat bites the giant cockroach but does no damage.
You barely miss the giant cockroach.
The giant cockroach is heavily wounded.
The giant cockroach bites you.
* * * LOW HITPOINT WARNING * * *
Your rat barely misses the giant cockroach.
You hit the giant cockroach but do no damage.
The giant cockroach is heavily wounded.
The giant cockroach bites you.
You die...

#.## ##...
.... ...#
...# .r.#
##B.##
#@##.#
##r.##
###.##.#
#.#....#
#.....#
#.....####
#.#.......+
####..#####
#.##.#


You could see a giant cockroach (ally target), a friendly quokka (summoned) and
a friendly rat (summoned).

Vanquished Creatures
  2 ribbon worms (D:2)
  A ball python (D:2)
  A bat (D:1)
  A hobgoblin (D:1)
  A frilled lizard (D:1)
  A goblin (D:1)
  A rat (D:2)
8 creatures vanquished.

Vanquished Creatures (collateral kills)
  A goblin (D:2)
  A hobgoblin (D:1)
  A kobold (D:1)
  A frilled lizard (D:1)
4 creatures vanquished.

Grand Total: 12 creatures vanquished

Notes
Turn   | Place    | Note
-------+----------+-------------------------------------------
     0 | D:1      | spaghetti the Naga Summoner began the quest for the Orb.
     0 | D:1      | Reached XP level 1. HP: 15/15 MP: 3/3
    83 | D:1      | Reached XP level 2. HP: 6/22 MP: 1/5
   240 | D:1      | You fall into a shaft and drop 1 floor!
   270 | D:2      | Found a faded altar of an unknown god.
   499 | D:2      | Slain by a giant cockroach

Illustrated notes

Levels and vault maps discovered:
D:1:      ncdulo_lavacross, layout_basic, serial_shops,
          nicolae_shop_tiny_waterfront
D:2:      layout_basic, hellmonk_ecumenical_altar_crossroads,
          nicolae_houndstooth_variations

Action                     || total
---------------------------++-------
  Melee: Unarmed           ||    31
   Cast: Summon Small Mamm ||    15
Ability: Spit Poison       ||     5
   Stab: Distracted        ||     1
         Sleeping          ||     1
 Armour: Robe              ||    23
  Dodge: Dodged            ||    13
